 Dungeon Crawl Stone Soup version 0.31-a0-233-g139696dc86 (webtiles) character file.

Game seed: 1013258504475366255

85 qw the Shooter (level 4, -5/26 HPs)
             Began as a Gargoyle Hexslinger on July 8, 2023.
             Slain by a worm (8 damage)
             ... on level 2 of the Dungeon.
             The game lasted 00:00:46 (1513 turns).

qw the Shooter (Gargoyle Hexslinger)                Turns: 1513, Time: 00:00:46

Health: -5/26      AC:  7    Str: 14 (15) XL:     4   Next: 48%
Magic:  5/5        EV: 16    Int: 13      God:
Gold:   101        SH:  0    Dex: 12 (14) Spells: 4/5 levels left

rFire   . . .        Y - +1 sling
rCold   . . .        (no shield)
rNeg    + . .        e - +0 leather armour
rPois   inf          (no helmet)
rElec   +            (no cloak)
rCorr   .            (no gloves)
SInv    .            b - +0 pair of boots
Will    .....        a - amulet "Kecho" {Faith Harm Str+3}
Stlth   +            f - +5 ring of evasion
HPRegen 0.24/turn    (no ring)
MPRegen 0.09/turn

%: harm (+30% outgoing, +20% incoming), faith
@: no status effects
A: sickness immunity, AC +3, negative energy resistance 1, electricity
resistance, torment resistance 1, petrification resistance
a: no special abilities


You were on level 2 of the Dungeon.
You visited 1 branch of the dungeon, and saw 3 of its levels.

You collected 101 gold pieces.


Innate Abilities, Weirdness & Mutations

You are immune to sickness and miasma.
Your stone body is resilient. (AC +3)
You are immune to poison.
You resist negative energy. (rN+)
You are resistant to electric shocks. (rElec)
You are resistant to unholy torment.
You are immune to petrification.


   Skills:
 - Level 2.0 Fighting
 + Level 4.3 Ranged Weapons
 - Level 1.5 Dodging
 - Level 1.0 Spellcasting
 - Level 2.6 Hexes


You had 4 spell levels left.
You knew the following spells:

 Your Spells              Type           Power      Damage    Failure   Level
a - Slow                  Hex            28%        N/A       12%         1

Your spell library contained the following spells:

 Spells                   Type           Power      Damage    Failure   Level
 Inner Flame              Hex/Fire       4%         N/A       52%         3
 Portal Projectile        Hex/Tloc       8%         N/A       52%         3
 Cause Fear               Hex            3%         N/A       75%         4

Inventory:

Hand Weapons
 Y - a +1 sling (weapon)
Armour
 b - a +0 pair of boots (worn)
 e - a +0 leather armour (worn)
Jewellery
 a - the amulet "Kecho" (around neck) {Faith Harm Str+3}
   (You acquired it on level 1 of the Dungeon)

   [amulet of faith]

   It allows you to gain divine favour quickly.
   Str:       It affects your strength (+3).
   Harm:      It increases damage dealt and taken.
 f - a +5 ring of evasion (left hand)
Potions
 c - a potion of curing {unknown}
 d - a potion of enlightenment {unknown}
 g - a potion of lignification {unknown}

Dungeon Overview and Level Annotations

Branches:
Dungeon (3/15)

Altars:

Shops:
D:1 [


Message History

The orc closely misses you. The orc hits you but does no damage.
You shoot a sling bullet. The sling bullet hits the orc.
You kill the orc!
You feel your intelligence returning.
You start resting.
HP restored.
d - a fizzy blue potion
Items here: %% ))) [.
Partly explored, can't reach some places.
(D) Dungeon
Where to? (* - list waypoints, Enter - D:3, ? - help)
What level of the Dungeon? (default 1, ? - help)
There is a stone staircase leading down here.
You climb downwards.
The worm completely misses you.
There is a stone staircase leading up here.
There are monsters nearby!
You shoot a sling bullet.
The sling bullet barely misses the orc priest.
A worm comes into view.
The worm closely misses you. The orc priest completely misses you.
You shoot a sling bullet. The sling bullet hits the orc priest.
The orc priest is heavily wounded.
The rat bites you but does no damage.
The orc priest calls down the wrath of Beogh upon you.
Pain shoots through your body! The worm barely misses you.
1510 ||| STAIRDANCE The orc priest mumbles some strange prayers to Beogh against you.
Beogh smites you!
Ouch! That really hurt!
The rat bites you but does no damage.
You climb upwards.
There is a stone staircase leading down here.
You shoot a sling bullet.
The sling bullet closely misses the orc priest.
The orc priest misses you. The worm bites you but does no damage.
You shoot a sling bullet.
The sling bullet closely misses the orc priest.
The orc priest hits you but does no damage.
The worm bites you!
You die...

#.###...............#
#.#....##########...#
#.#.##># ##.###
#.#.##.# #...#
#####......#######
#.#.#
#P.P.###.#.......#
#...#
#.P...P.##.#####.#
##.## #P..P...##.#
#o# #<# #....P...P##
#@# #.# _..P).....#
#w# #.#
#.P...P...######r#
####.###
#..P...P##.......#
#.....)#
#P......##.##.##.#
#>##.#.#
#....###.#.##.##.#
#.#..#.#
#####.#.......##.#
#.#.##.####
#.......##.......#
#.#.##.##.##
#.##.##..........#
#......#...##


You could see a worm, an orc priest and a rat.

Vanquished Creatures
  2 adders (D:2)
  A dart slug (D:2)
  8 orcs
  7 bats
  2 endoplasms (D:2)
  A giant cockroach (D:2)
  A hobgoblin (D:2)
  6 jackals (D:1)
  8 kobolds
  7 ball pythons
  2 frilled lizards
  3 goblins
  7 rats
55 creatures vanquished.

Notes
Turn   | Place    | Note
-------+----------+-------------------------------------------
     0 | D:1      | qw the Gargoyle Hexslinger began the quest for the Orb.
     0 | D:1      | Reached XP level 1. HP: 12/12 MP: 2/2
     0 | D:1      | 0 ||| qw: Version: 0.3-a-46-gb1f654a
     0 | D:1      | 0 ||| qw: Game counter: 3444
     0 | D:1      | 0 ||| qw: Melee chars always use a shield: true
     0 | D:1      | 0 ||| qw: God list: Okawaru
     0 | D:1      | 0 ||| qw: Allow faded altars: false
     0 | D:1      | 0 ||| qw: Do Orc after clearing Dungeon:15 true
     0 | D:1      | 0 ||| qw: Do second Lair branch before Depths: true
     0 | D:1      | 0 ||| qw: Lair rune preference: random
     0 | D:1      | 0 ||| qw: Goals: Normal
     0 | D:1      | 0 ||| PLANNING D:1-11
    42 | D:1      | Found Odairog's Armour Shop.
    53 | D:1      | 53 ||| SHOPLISTING +0 pair of boots (63 gold, have 27).
    53 | D:1      | 53 ||| SHOPLISTING +0 ring mail (56 gold, have 27).
    53 | D:1      | 53 ||| SHOPLISTING +0 robe of resistance (387 gold, have
                  | 27).
    53 | D:1      | 53 ||| SHOPLISTING +2 pair of boots of flying (301 gold,
                  | have 27).
   179 | D:1      | Reached XP level 2. HP: 16/16 MP: 3/3
   200 | D:1      | Reached skill level 3 in Ranged Weapons
   453 | D:1      | Reached XP level 3. HP: 21/21 MP: 4/4
   760 | D:1      | 760 ||| UPGRADING to +0 leather armour.
   770 | D:1      | 770 ||| DROPPING +0 robe.
   771 | D:1      | 771 ||| UPGRADING to +5 ring of evasion.
   772 | D:1      | 772 ||| READING scroll labelled PYMURU HUOMM.
   775 | D:1      | 775 ||| READING scroll labelled HOELAUSHREW.
   775 | D:1      | Identified a scroll of acquirement
   775 | D:1      | 775 ||| ACQUIRING amulet "Kecho" {Faith Harm Str+3}
   775 | D:1      | Acquired the amulet "Kecho" {Faith Harm Str+3}
   777 | D:1      | 777 ||| UPGRADING to amulet "Kecho" {Faith Harm Str+3}.
   782 | D:1      | 782 ||| READING scroll labelled PISKABL HEYC.
   783 | D:1      | 783 ||| DROPPING scroll of poison.
   854 | D:2      | Found a faded altar of an unknown god.
  1042 | D:2      | Reached XP level 4. HP: 26/26 MP: 5/5
  1096 | D:2      | Identified the +4 short sword of Puoff {flame, +Blink rElec
                  | rC+ Stlth+}
  1223 | D:2      | Reached skill level 4 in Ranged Weapons
  1408 | D:2      | 1408 ||| UPGRADING to +0 pair of boots.
  1413 | D:2      | 1413 ||| READING scroll labelled CAUKKO FOSS.
  1414 | D:2      | 1414 ||| DRINKING 2 red potions.
  1415 | D:2      | 1415 ||| DROPPING potion of degeneration.
  1460 | D:3      | 1460 ||| STAIRDANCE
  1476 | D:3      | 1476 ||| STAIRDANCE
  1510 | D:3      | 1510 ||| STAIRDANCE
  1510 | D:3      | HP: 2/26 [orc priest/divine providence (16)]
  1513 | D:2      | Slain by a worm

Levels and vault maps discovered:
D:1:      wander_arrival_chamber, layout_basic, serial_shops,
          nicolae_shop_tiny_glass
D:2:      layout_loops_cross, shapermc_ecumenical_altar_gd
D:3:      layout_rooms, nicolae_dithmenos_shadow_blocks, minmay_close_crescents,
          uniq_grinder

Skill      XL: |  1  2  3  4 |
---------------+-------------+-----
Ranged Weapons | 3 4 |  4.3
Fighting       | 2 |  2.0
Dodging        | |  1.5
Spellcasting   | |  1.0
Hexes          | |  2.6

Action                     |  1- 3 |  4- 6 || total
---------------------------+-------+-------++-------
   Fire: Sling             |   118 |    49 ||   167
    Use: Scroll            |     3 |     1 ||     4
         Potion            |       |     1 ||     1
 Armour: Robe              |    16 |       ||    16
         Leather armour    |     5 |    21 ||    26
  Dodge: Dodged            |    56 |    45 ||   101

Table legend:
 A = Non-vault XP
 B = Vault XP
 C = Vault XP percentage of total XP
 D = Non-vault monster count
 E = Vault monster count
 F = Vault count percentage of total count
                 A         B        C        D         E       F
            +---------+---------+-------+---------+---------+-------
      Total |     122 |       0 |   0.0 |      55 |       0 |   0.0
            +---------+---------+-------+---------+---------+-------
        D:1 |      41 |       0 |   0.0 |      26 |       0 |   0.0
        D:2 |      73 |       0 |   0.0 |      26 |       0 |   0.0
        D:3 |       8 |       0 |   0.0 |       3 |       0 |   0.0
            +---------+---------+-------+---------+---------+-------
